 Dungeon Crawl Stone Soup version 0.18-a0-1788-g92de1ac (webtiles) character file.

53953 namelastname112 the Fencer (level 14, -2/129 HPs)
             Began as a Yellow Draconian Berserker on Apr 19, 2016.
             Was the Champion of Trog.
             Shot with an arrow by a deep elf archer (14 damage)
             ... on level 15 of the Dungeon.
             The game lasted 00:27:11 (14726 turns).

namelastname112 the Fencer (DrBe)                  Turns: 14726, Time: 00:27:12

Health: -2/129     AC: 18    Str: 19    XL:     14   Next: 32%
Magic:  18/18      EV: 22    Int:  7    God:    Trog [******]
Gold:   823        SH:  0    Dex: 20    Spells: 0 memorised, 13 levels left

rFire  + . .     SeeInvis .     R - +10 great sword of Trog's Envy {slice, *Confuse Dex+5}
rCold  . . .     Gourm    .     (armour unavailable)
rNeg   + . .     Faith    +     (shield currently unavailable)
rPois  +         Spirit   .     (helmet restricted)
rElec  .         Dismiss  .     M - +2 cloak {rPois}
rCorr  +         Reflect  .     J - +1 pair of gloves
SustAt .         Harm     .     (no boots)
MR     +....     Clarity  +     H - amulet of faith
Stlth  ++........               D - +4 ring of protection
                                m - ring of positive energy

@: exhausted, slowed, very slow, somewhat resistant to hostile enchantments,
unstealthy
A: spit acid, acid resistance, unfitting armour, big wings, claws 1, stinger 1,
talons 1, berserk 1, clarity, clumsy 1, fire resistance 1, shaggy fur 1, acidic
bite, evolution 1, cold-blooded, MP-powered wands, AC +8
a: Spit Acid, Fly, Berserk, Trog's Hand, Brothers in Arms, Burn Spellbooks,
Renounce Religion


You were on level 15 of the Dungeon.
You worshipped Trog.
Trog was exalted by your worship.
You were hungry.

You visited 1 branch of the dungeon, and saw 15 of its levels.
You also visited: Sewer.

You collected 823 gold pieces.

Inventory:

Hand Weapons
 c - a +4 scimitar of flaming
 G - a +0 blowgun
 R - the +10 great sword of Trog's Envy (weapon) {slice, *Confuse Dex+5}
   (Trog gifted it to you on level 7 of the Dungeon)

   It inflicts extra damage upon your enemies.
   It affects your dexterity (+5).
   It may confuse you when you take damage.
Missiles
 N - 5 curare-tipped needles
 W - 5 javelins of penetration (quivered)
Armour
 I - a +0 shield of reflection
 J - a +1 pair of gloves (worn)
 M - a +2 cloak of poison resistance (worn)
Jewellery
 m - a ring of positive energy (left hand)
 q - an uncursed ring of ice
 D - a +4 ring of protection (right hand)
 H - an amulet of faith (around neck)
Wands
 e - a wand of paralysis (24/24)
 s - a wand of lightning (6/15)
 F - a wand of polymorph (5/24)
 L - a wand of disintegration (3/24)
 O - a wand of flame (25/48)
 P - a wand of flame (24/48)
 S - a wand of random effects (15/48)
 T - a wand of confusion (21/48)
Scrolls
 d - 2 scrolls of blinking
 h - 3 scrolls of immolation
 i - 3 scrolls of teleportation
 j - a scroll of amnesia
 l - a scroll of noise
 t - a scroll of enchant weapon
 v - 6 scrolls of remove curse
 E - a scroll of holy word
 Y - 2 scrolls of identify
Potions
 a - 2 potions of invisibility
 f - a potion of haste
 k - 4 potions of might
 n - 3 potions of lignification
 o - 3 potions of heal wounds
 p - 2 potions of agility
 r - 2 potions of flight
 x - a potion of magic
 z - 4 potions of curing
 A - 3 potions of berserk rage
 V - a potion of brilliance
 X - a potion of ambrosia
Books
 u - a book of the Sky

   Spells                             Type                      Level
   a - Summon Lightning Spire         Summoning/Air                4
   b - Airstrike                      Air                          4
   c - Silence                        Hexes/Air                    5
   d - Deflect Missiles               Charms/Air                   6
   e - Conjure Ball Lightning         Conjuration/Air              6
   f - Tornado                        Air                          9
   Trog disapproves of the use of such an item.
 B - a Fen Folio

   Spells                             Type                      Level
   a - Corpse Rot                     Necromancy                   2
   b - Stone Arrow                    Conjuration/Earth            3
   c - Leda's Liquefaction            Hexes/Earth                  4
   d - Summon Forest                  Summoning/Translocation      5
   e - Hydra Form                     Transmutation                6
   f - Summon Hydra                   Summoning                    7
   Trog disapproves of the use of such an item.
 U - a book of Cantrips

   Spells                             Type                      Level
   a - Corona                         Hexes                        1
   b - Animate Skeleton               Necromancy                   1
   c - Summon Small Mammal            Summoning                    1
   d - Apportation                    Translocation                1
   Trog disapproves of the use of such an item.
 Z - a Necronomicon

   Spells                             Type                      Level
   a - Haunt                          Necromancy/Summoning         7
   b - Borgnjor's Revivification      Necromancy                   8
   c - Death's Door                   Charms/Necromancy            8
   d - Necromutation                  Transmutation/Necromancy     8
   Trog disapproves of the use of such an item.
Miscellaneous
 y - a plain deck of summoning {drawn: 2}
 K - a plain deck of changes {drawn: 3}
Comestibles
 b - 12 bread rations
 g - 9 meat rations
 C - 24 fruits
 Q - 4 beef jerkies


   Skills:
 + Level 13.0 Fighting
 * Level 15.9 Long Blades
 + Level 6.4 Throwing
 + Level 11.1 Dodging
 + Level 3.5 Shields
 * Level 6.4 Evocations


You had 13 spell levels left.
You didn't know any spells.

Dungeon Overview and Level Annotations

Branches:
Dungeon (15/15)            Temple (0/1) D:4            Lair (0/8) D:10
    Orc (0/2) D:9          Vaults (0/5) D:13         Depths (0/5) D:15

Altars:
Ashenzari
Dithmenos
Elyvilon
Fedhas
Nemelex Xobeh
Qazlal
Ru
Sif Muna
Xom
Zin

Shops:
D:4 }::


Innate Abilities, Weirdness & Mutations

You can spit globs of acid.
You are resistant to acid.
Your golden yellow scales are hard (AC +8).
Your body does not fit into most forms of armour.
You have acidic saliva.
You are cold-blooded and may be slowed by cold attacks.
Your large and strong wings let you fly indefinitely.
You have sharp fingernails.
Your tail ends in a poisonous barb.
You have sharp toenails.
You tend to lose your temper in combat.
You possess an exceptional clarity of mind.
You are clumsy. (Dex -2)
Your flesh is heat resistant.
You are covered in fur (AC +1).
You evolve.
You expend magic power (3 MP) to strengthen your wands.


Message History

You feel yourself slow down.
The crimson imp shouts!
The deep elf archer shoots an arrow.
The arrow hits you.
* * * LOW HITPOINT WARNING * * *
You now have 26/129 hp.
A six-headed hydra comes into view.
The six-headed hydra moves out of view.
Your iron troll goes berserk!
You are feeling hungry.
The crimson imp blinks!
You swap places.
The crimson imp blinks!
The deep elf archer shoots an arrow.
The arrow hits you!
* * * LOW HITPOINT WARNING * * *
The crimson imp shouts, "Slither away, thou tottering hasty-witted varlet!"
Your iron troll closely misses the crimson imp.
Your iron troll claws the crimson imp!!
The crimson imp dies!
Trog accepts your kill.
The deep elf archer shoots an arrow.
The arrow hits you!
You die...

.....#..#.#.#.#....#
.....#.#...#.......#
.....#.....#.......#
.......#..⌠#.......#
..####(####.......#
#>((#.e.........#
#.)...#.........#
#...#(#..T.....
#.#.#..#@......§
..#...e.#........
....#D#####.#######
... #. ..# ... ..
..# ... ...# ...#
....#


You could see a deep elf archer and a friendly iron troll (berserk).

Vanquished Creatures
  Rupert (D:12)
  Donald (D:13)
  Maud (D:13)
  A very ugly thing (D:12)
  Azrael (D:13)
  Josephine (D:13)
  A yaktaur captain (D:15)
  2 hydras (D:13)
  Fannar (D:11)
  Erolcha (D:10)
  The ghost of ololoev the Cleaver, a novice HOFi of the Shining One (D:8)
  A catoblepas (D:12)
  Erica (D:10)
  3 centaur warriors
  A tengu warrior (D:12)
  Nergalle (D:11)
  A skeletal warrior (D:13)
  2 unseen horrors
  A deep elf archer (D:15)
  7 hill giants
  13 ugly things
  A deep elf mage (D:13)
  4 cyclopes
  A manticore (D:13)
  A griffon (D:14)
  Maurice (D:13)
  A gargoyle (D:14)
  2 centaur skeletons
  2 komodo dragons
  2 yaktaurs
  A tengu conjurer (D:14)
  2 kobold demonologists
  10 trolls
  3 two-headed ogres
  Grinder (D:6)
  8 slime creatures
  A vampire (D:14)
  A spriggan (shapeshifter) (D:15)
  4 wraiths
  A shadow (D:13)
  3 fire elementals (D:13)
  A wyvern (D:12)
  A hog (shapeshifter) (D:12)
  13 humans
  A basilisk (D:12)
  26 yaks
  4 vampire mosquitoes
  2 hippogriffs
  3 wargs (D:9)
  A hell hound (D:13)
  A soldier ant (D:11)
  A water moccasin (D:9)
  Duvessa (D:4)
  Purgy (Sewer)
  6 orc warriors
  4 ice beasts
  6 ogres
  A wasp (D:14)
  9 sky beasts
  12 centaurs
  A crocodile (D:11)
  5 big kobolds
  11 giant frogs
  Dowan (D:4)
  3 scorpions
  5 killer bees (D:9)
  A killer bee (shapeshifter) (D:12)
  4 howler monkeys
  2 crimson imps (D:14)
  2 giant frog zombies
  4 hounds
  2 centaur zombies (D:12)
  8 orc priests
  2 jellies
  5 giant frog skeletons
  20 orc wizards
  3 iguanas
  11 worker ants
  A hound skeleton (D:7)
  4 gnolls (D:7)
  12 adders
  A shadow imp (D:8)
  5 oozes
  2 adder skeletons
  2 worms
  4 dart slugs
  5 giant geckos
  81 orcs
  7 giant cockroaches
  5 goblins
  9 hobgoblins
  10 jackals
  23 kobolds
  6 quokkas
  2 ball pythons
  10 bats
  A giant gecko zombie (D:5)
  7 giant newts
  A jackal skeleton (D:6)
  2 quokka skeletons (D:9)
  5 rats
  2 butterflies (D:7)
  A plant (D:10)
485 creatures vanquished.

Vanquished Creatures (collateral kills)
  A hill giant (D:12)
  A troll (D:12)
  4 wraiths (D:13)
  3 humans (D:13)
  A hungry ghost (D:12)
  A giant frog (D:12)
  A crimson imp (D:15)
12 creatures vanquished.

Vanquished Creatures (others)
  2 kobolds (D:13)
  A plant (D:10)
3 creatures vanquished.

Grand Total: 500 creatures vanquished

Notes
Turn   | Place    | Note
--------------------------------------------------------------
     0 | D:1      | namelastname112 the Draconian Berserker began the quest for the Orb.
     0 | D:1      | Reached XP level 1. HP: 19/19 MP: 1/1
    66 | D:1      | Reached XP level 2. HP: 16/26 MP: 2/2
   434 | D:1      | Reached ** piety under Trog
   473 | D:1      | Reached XP level 3. HP: 24/33 MP: 3/3
   867 | D:2      | Found a blossoming altar of Fedhas.
   982 | D:2      | Reached skill level 4 in Long Blades
  1111 | D:2      | Found a sacrificial altar of Ru.
  1133 | D:2      | Reached XP level 4. HP: 23/40 MP: 4/4
  1709 | D:3      | Reached XP level 5. HP: 40/47 MP: 5/5
  1770 | D:3      | Found a shadowy altar of Dithmenos.
  1874 | D:3      | Reached *** piety under Trog
  1921 | D:3      | Found a glowing drain.
  1943 | Sewer    | Entered a sewer
  2107 | Sewer    | Noticed Purgy
  2118 | Sewer    | Killed Purgy
  2118 | Sewer    | Reached skill level 5 in Long Blades
  2118 | Sewer    | Reached XP level 6. HP: 25/53 MP: 6/6
  2550 | D:3      | Found a glowing silver altar of Zin.
  2781 | D:4      | Noticed Duvessa
  2784 | D:4      | Noticed Dowan
  2794 | D:4      | Killed Duvessa
  2794 | D:4      | Reached skill level 5 in Fighting
  2799 | D:4      | Killed Dowan
  3092 | D:4      | Your scales start taking on a golden yellow colour.
  3092 | D:4      | Reached XP level 7. HP: 29/61 MP: 7/7
  3100 | D:4      | HP: 2/61 [worker ant (2)]
  3329 | D:4      | Reached skill level 6 in Long Blades
  3355 | D:4      | xeno23: че все таки не вытянул за моттледа
  3596 | D:4      | namelastname112: ага, меня яктаур застрелил
  3596 | D:4      | namelastname112: и вот блять
  3596 | D:4      | namelastname112: конечно он по мне попал
  3596 | D:4      | namelastname112: с 28 ев и умброй
  3629 | D:4      | Found Kosos's Gadget Shoppe.
  3653 | D:4      | Found a sparkling altar of Nemelex Xobeh.
  3665 | D:4      | Found Gulasop's Book Shop.
  3674 | D:4      | Found Ceblos's Book Emporium.
  3729 | D:4      | Found a staircase to the Ecumenical Temple.
  3978 | D:5      | Entered Level 5 of the Dungeon
  3989 | D:5      | Reached **** piety under Trog
  4198 | D:5      | Found a deep blue altar of Sif Muna.
  4261 | D:5      | Reached skill level 7 in Long Blades
  4409 | D:5      | Reached skill level 5 in Dodging
  4409 | D:5      | Reached XP level 8. HP: 62/70 MP: 8/8
  4709 | D:5      | Gained mutation: Your spells are a little harder to cast, but a little more powerful. [mutagenic meat]
  4710 | D:5      | Gained mutation: Your natural rate of healing is unusually fast. [mutagenic meat]
  4712 | D:5      | Gained mutation: Your body sometimes deteriorates upon taking damage. [mutagenic meat]
  4713 | D:5      | Gained mutation: You have a pair of small antennae on your head. [mutagenic meat]
  4968 | D:5      | Found a stormy altar of Qazlal.
  5289 | D:6      | Reached skill level 8 in Long Blades
  5331 | D:6      | Noticed Grinder
  5336 | D:6      | Paralysed by Grinder for 2 turns
  5349 | D:6      | Killed Grinder
  5585 | D:6      | Gained mutation: Scrolls take you a little longer to read. [mutagenic meat]
  5587 | D:6      | Gained mutation: You tend to lose your temper in combat. [mutagenic meat]
  5712 | D:6      | Reached ***** piety under Trog
  5721 | D:6      | Reached XP level 9. HP: 61/79 MP: 9/9
  5726 | D:6      | xeno23: 28 не так уж и много тащемта
  6138 | D:7      | Reached skill level 9 in Long Blades
  6157 | D:7      | xeno23: надо было короче
  6195 | D:7      | xeno23: просто засейвиться
  6372 | D:7      | xeno23: и на другом серваке норм цветом вынести
  6385 | D:7      | xeno23: для стрика
  6423 | D:7      | Lost mutation: You tend to lose your temper in combat. [mutagenic meat]
  6424 | D:7      | Gained mutation: You are frail (-10% HP). [mutagenic meat]
  6520 | D:7      | Lost mutation: You are frail (-10% HP). [mutagenic meat]
  6521 | D:7      | Lost mutation: Scrolls take you a little longer to read. [mutagenic meat]
  6523 | D:7      | Gained mutation: Your flesh is heat resistant. [mutagenic meat]
  6805 | D:7      | Found a white marble altar of Elyvilon.
  6857 | D:7      | xeno23: ну
  6884 | D:7      | Found a shimmering altar of Xom.
  6893 | D:7      | xeno23: нахуй ты его убил
  6922 | D:7      | xeno23: школоивел
  6922 | D:7      | namelastname112: экспа
  6999 | D:7      | Received a gift from Trog
  7000 | D:7      | Got a bloodstained great sword {god gift}
  7001 | D:7      | Identified the +10 great sword of Trog's Envy {slice, *Confuse Dex+5} (Trog gifted it to you on level 7 of the Dungeon)
  7392 | D:8      | xeno23: trog's envy
  7524 | D:8      | Noticed ololoev's ghost (novice HOFi)
  7532 | D:8      | Killed ololoev's ghost
  7532 | D:8      | Reached skill level 10 in Long Blades
  7769 | D:8      | Reached XP level 10. HP: 83/90 MP: 10/10
  8171 | D:9      | Reached skill level 11 in Long Blades
  8248 | D:9      | Found a staircase to the Orcish Mines.
  8332 | D:9      | Gained mutation: Potions and wands are less effective at restoring your health. [mutagenic meat]
  8333 | D:9      | Gained mutation: Your tail ends in a poisonous barb. [mutagenic meat]
  8335 | D:9      | Lost mutation: Your tail ends in a poisonous barb. [mutagenic meat]
  8487 | D:9      | Received a gift from Trog
  8590 | D:9      | Found a shattered altar of Ashenzari.
  8834 | D:9      | Lost mutation: Your spells are a little harder to cast, but a little more powerful. [potion of mutation]
  8926 | D:10     | Entered Level 10 of the Dungeon
  8978 | D:10     | Noticed Erica
  8986 | D:10     | Killed Erica
  8986 | D:10     | Reached skill level 12 in Long Blades
  9036 | D:10     | Noticed a hill giant
  9044 | D:10     | Killed a hill giant
  9193 | D:10     | Noticed Erolcha
  9201 | D:10     | Killed Erolcha
  9201 | D:10     | Reached skill level 10 in Fighting
  9201 | D:10     | Reached XP level 11. HP: 99/99 MP: 11/11
  9232 | D:10     | Reached ****** piety under Trog
  9245 | D:10     | Received a gift from Trog
  9532 | D:10     | Found a staircase to the Lair.
  9836 | D:11     | Noticed Fannar
  9848 | D:11     | Killed Fannar
  9909 | D:11     | Noticed Sonja
  9910 | D:11     | Noticed Sonja
  9910 | D:11     | Sonja changed into Sonja the yak
  9930 | D:11     | Reached skill level 13 in Long Blades
  9931 | D:11     | Killed Sonja the yak
 10328 | D:11     | Noticed Nergalle
 10335 | D:11     | Killed Nergalle
 10335 | D:11     | Reached skill level 1 in Throwing
 10479 | D:11     | Gained mutation: You evolve. [mutagenic meat]
 10480 | D:11     | Gained mutation: Scrolls take you a little longer to read. [mutagenic meat]
 10481 | D:11     | Gained mutation: Your large and strong wings let you fly indefinitely. [mutagenic meat]
 10482 | D:11     | Lost mutation: Your natural rate of healing is unusually fast. [mutagenic meat]
 10483 | D:11     | Gained mutation: You have sharp fingernails. [mutagenic meat]
 10636 | D:12     | Found a deep blue altar of Sif Muna.
 10661 | D:12     | Noticed a centaur warrior
 10667 | D:12     | Killed a centaur warrior
 10667 | D:12     | Received a gift from Trog
 10667 | D:12     | Reached XP level 12. HP: 97/110 MP: 12/12
 10668 | D:12     | Got a transparent great sword {god gift}
 10742 | D:12     | Identified the +6 great sword of the Cup {speed, Dex+4} (Trog gifted it to you on level 12 of the Dungeon)
 10797 | D:12     | Reached skill level 14 in Long Blades
 10804 | D:12     | Gained mutation: Your tail ends in a poisonous barb. [mutagenic meat]
 11073 | D:12     | Noticed Rupert
 11079 | D:12     | Paralysed by Rupert for 6 turns
 11087 | D:12     | xeno23: мда
 11090 | D:12     | Killed Rupert
 11091 | D:12     | HP: 6/166 [wyvern (7)]
 11095 | D:12     | xeno23: тебе трог дал руку
 11095 | D:12     | xeno23: нет буду в параличе стоять
 11095 | D:12     | namelastname112: ну это финиш
 11101 | D:12     | xeno23: ну фир
 11103 | D:12     | xeno23: норм
 11112 | D:12     | Reached skill level 10 in Dodging
 11264 | D:12     | Noticed a centaur warrior
 11269 | D:12     | Killed a centaur warrior
 11285 | D:12     | Noticed a catoblepas
 11296 | D:12     | Killed a catoblepas
 11489 | D:12     | Noticed a brown very ugly thing
 11500 | D:12     | Killed a brown very ugly thing
 11504 | D:12     | Received a gift from Trog
 11516 | D:12     | Gained mutation: Your natural rate of healing is unusually fast. [mutagenic meat]
 11517 | D:12     | Gained mutation: You are agile. (Dex +2) [mutagenic meat]
 11518 | D:12     | Lost mutation: You have a pair of small antennae on your head. [mutagenic meat]
 11623 | D:12     | Lost mutation: You are agile. (Dex +2) [mutagenic meat]
 11624 | D:12     | Lost mutation: Potions and wands are less effective at restoring your health. [mutagenic meat]
 11727 | D:12     | Noticed a tengu warrior
 11733 | D:12     | Killed a tengu warrior
 11733 | D:12     | Reached XP level 13. HP: 107/118 MP: 13/13
 11801 | D:12     | Reached skill level 1 in Evocations
 11833 | D:12     | xeno23: пиздец ты уже этим мясом упоролся
 12075 | D:12     | xeno23: кусков 100 сожрал
 12139 | D:12     | namelastname112: лол
 12139 | D:12     | xeno23: это д невыгодно вроде
 12139 | D:12     | namelastname112: тебе кажется
 12166 | D:13     | Found a gate to the Vaults.
 12166 | D:13     | Noticed Donald
 12166 | D:13     | Noticed Josephine
 12167 | D:13     | namelastname112: клевый этаж
 12167 | D:13     | namelastname112: дональд
 12167 | D:13     | namelastname112: жохефина
 12167 | D:13     | xeno23: репетиция волт:5
 12167 | D:13     | namelastname112: азраэль
 12167 | D:13     | xeno23: да изи их разобрать
 12168 | D:13     | Noticed Azrael
 12277 | D:13     | Noticed Maud
 12285 | D:13     | Killed Maud
 12285 | D:13     | Reached skill level 15 in Long Blades
 12286 | D:13     | xeno23: мауд еще
 12434 | D:13     | Killed Donald
 12438 | D:13     | Killed Josephine
 12438 | D:13     | Reached skill level 5 in Throwing
 12502 | D:13     | Lost mutation: Your body sometimes deteriorates upon taking damage. [evolution]
 12813 | D:13     | Reached skill level 1 in Shields
 12820 | D:13     | xeno23: хммм
 12987 | D:13     | Killed Azrael
 13214 | D:13     | Noticed Maurice
 13224 | D:13     | Killed Maurice
 13646 | D:14     | Reached skill level 5 in Evocations
 13724 | D:14     | Lost mutation: Your natural rate of healing is unusually fast. [mutagenic meat]
 13725 | D:14     | Gained mutation: You expend magic power (3 MP) to strengthen your wands. [mutagenic meat]
 13726 | D:14     | Gained mutation: You are clumsy. (Dex -2) [mutagenic meat]
 13728 | D:14     | Gained mutation: Your natural rate of healing is unusually fast. [mutagenic meat]
 13729 | D:14     | Gained mutation: You tend to lose your temper in combat. [mutagenic meat]
 13730 | D:14     | Gained mutation: You have sharp toenails. [mutagenic meat]
 13897 | D:14     | Gained mutation: You have acidic saliva. [Yellow Draconian growth]
 13897 | D:14     | Reached XP level 14. HP: 80/127 MP: 18/18
 13929 | D:14     | Gained mutation: You are covered in fur (AC +1). [evolution]
 13932 | D:14     | Lost mutation: Your natural rate of healing is unusually fast. [mutagenic meat]
 13933 | D:14     | Lost mutation: Scrolls take you a little longer to read. [mutagenic meat]
 13935 | D:14     | Gained mutation: You possess an exceptional clarity of mind. [mutagenic meat]
 14213 | D:14     | xeno23: крылья дали
 14270 | D:14     | xeno23: или показалось
 14279 | D:14     | namelastname112: дали
 14406 | D:14     | Received a gift from Trog
 14534 | D:15     | Entered Level 15 of the Dungeon
 14570 | D:15     | Received a gift from Trog
 14708 | D:15     | Found a staircase to the Depths.
 14726 | D:15     | Shot with an arrow by a deep elf archer

Vault maps used:
D:1:      erik_arrival_blinker_ship, kennysheep_nondescript
D:2:      fedhas_altar_2, first_bread, fountainhead, hangedman_ru_absence
D:3:      lemuel_doored_altar, marbit_many_paths, portal_sewer_entry_d
D:4:      kennysheep_little_box, minmay_temple_entry_crystal_x, serial_shops,
          nicolae_shop_trees, shop, shop, uniq_duvessa
D:5:      lemuel_coloured_pillars_altar, basic_altar
D:6:      uniq_grinder
D:7:      elyvilon_altar_4, xom_butterflies
D:9:      overflow_temple_1_default, minmay_orc_entry_guard_dogs
D:10:     david_lair_shrubbed, uniq_erolcha, uniq_erica
D:11:     uniq_nergalle, uniq_fannar, uniq_sonja
D:12:     minmay_triangles_in_corner, basic_altar, grunt_tengu_nest, uniq_rupert
D:13:     david_vaults_3, uniq_maurice, uniq_josephine, uniq_maud, uniq_azrael
D:14:     minmay_misc_feat_tower, minmay_misc_feat_alley
D:15:     hangedman_depths_entry_civil_slaughter, small_statue_alley_a,
          minmay_misc_feat_four_crosses
Sewer:    kennysheep_door_sewer

Skill      XL: |  1  2  3  4  5  6  7  8  9 10 11 12 13 14 |
---------------+-------------------------------------------+-----
Dodging        | 3 4 5 6 7 8 9 10 11 | 11.1
Fighting       | 4 5 6 7 8 10 11 12 13 | 13.0
Long Blades    | 4 5 7 8 10 12 13 14 15 | 15.9
Throwing       | 1 4 6 |  6.4
Evocations     | 5 6 |  6.4
Shields        | 2 3 |  3.5

Action                   |  1- 3 |  4- 6 |  7- 9 | 10-12 | 13-15 || total
-------------------------+-------+-------+-------+-------+-------++-------
Melee: Falchion          |    99 |   195 |   183 |       |       ||   477
       Tailslap          |    15 |    30 |    81 |    79 |    76 ||   281
       Dagger            |       |       |   238 |       |       ||   238
       Long sword        |       |       |    10 |       |       ||    10
       Great sword       |       |       |    58 |   420 |   326 ||   804
       Scimitar          |       |       |       |       |    12 ||    12
       Kick              |       |       |       |       |    58 ||    58
       Bite              |       |       |       |       |    31 ||    31
Invok: Berserk           |       |     2 |     8 |    10 |     6 ||    26
       Trog's Hand       |       |     1 |     1 |     1 |     2 ||     5
       Brothers in Arms  |       |       |       |     1 |     2 ||     3
 Abil: Spit Acid         |       |       |     1 |       |       ||     1
Evoke: Wand              |       |       |       |     1 |       ||     1
       Deck              |       |       |       |     3 |     2 ||     5
  Use: Potion            |       |       |     2 |     1 |     1 ||     4
       Scroll            |       |       |       |    24 |     5 ||    29
 Stab: Sleeping          |     1 |     4 |       |     1 |     1 ||     7
       Distracted        |       |       |       |     1 |     1 ||     2
  Eat: Chunk             |     1 |     7 |    44 |    41 |    20 ||   113
       Beef jerky        |       |       |     1 |       |       ||     1
       Pizza             |       |       |       |     1 |     1 ||     2
       Fruit             |       |       |       |     1 |     1 ||     2
       Royal jelly       |       |       |       |       |     3 ||     3
Armor: Skin              |    31 |    49 |   121 |    85 |    84 ||   370
Dodge: Dodged            |    67 |   156 |   347 |   400 |   311 ||  1281
